TOP OF THE 1ST |
University of Illinois Fighting Illini batting - Pitching for University of Michigan Wolverines : RHP Henrik Berg
|
Pitching: RHP Henrik Berg
|
|
Batting: SHB Ryan Marsh
|
0-0: Ball 1-0: Called Strike 1-1: Ball 2-1: Fly out, F7 (Flyball, 7S, EV 92.5 MPH)
|
Batting: RHB James Lewis
|
0-0: Swinging Strike 0-1: Ground out 1-3 (Groundball, 13S, EV 68.8 MPH)
|
Batting: LHB Stuart Parker
|
0-0: Ball 1-0: Fly out, F9 (Flyball, 9S, EV 87.5 MPH)
|
Top of the 1st over - 0 runs, 0 hits, 0 errors, 0 left on base; University of Illinois 0 - University of Michigan 0 |
BOTTOM OF THE 1ST |
University of Michigan Wolverines batting - Pitching for University of Illinois Fighting Illini : LHP Andy Martin
|
Pitching: LHP Andy Martin
|
|
Batting: RHB Gerard Gordijn
|
0-0: Called Strike 0-1: Ball 1-1: Ball 2-1: Fly out, F7 (Line Drive, 78M, EV 90.6 MPH)
|
Batting: RHB Wendell Sarkies
|
0-0: Ball 1-0: Called Strike 1-1: SOLO HOME RUN (Flyball, 89XD, EV 109.4 MPH), Distance : 414 ft
|
Batting: RHB Walter Fisher
|
0-0: Ball 1-0: Swinging Strike 1-1: Ball 2-1: Foul Ball, location: 2F 2-2: Ball 3-2: Base on Balls
|
Batting: RHB Mike Harden
|
0-0: Called Strike 0-1: Called Strike 0-2: Foul Ball, location: 2F 0-2: Ball 1-2: Ball 2-2: Foul Ball, location: 2F 2-2: Ball 3-2: Foul Ball, location: 2F 3-2: Fly out, F8 (Flyball, 8LD, EV 93.1 MPH)
|
Batting: RHB Chris Williamson
|
0-0: Foul Ball, location: 2F 0-1: Foul Ball, location: 2F 0-2: Strikes out swinging
|
Bottom of the 1st over - 1 run, 1 hit, 0 errors, 1 left on base; University of Illinois 0 - University of Michigan 1 |
TOP OF THE 2ND |
University of Illinois Fighting Illini batting - Pitching for University of Michigan Wolverines : RHP Henrik Berg
|
Batting: RHB D.J. Sheldon
|
0-0: Swinging Strike 0-1: Foul Ball, location: 2F 0-2: Ball 1-2: Strikes out swinging
|
Batting: RHB Lance Borgen
|
0-0: Ball 1-0: SINGLE (Groundball, 56D, EV 102.5 MPH)
|
Batting: RHB Matt Lapthorne
|
0-0: Ball 1-0: Called Strike 1-1: Called Strike 1-2: Grounds into double play, 5-4-3 (Groundball, 56, EV 110.0 MPH)
|
Top of the 2nd over - 0 runs, 1 hit, 0 errors, 0 left on base; University of Illinois 0 - University of Michigan 1 |
BOTTOM OF THE 2ND |
University of Michigan Wolverines batting - Pitching for University of Illinois Fighting Illini : LHP Andy Martin
|
Batting: RHB Angus Shanahan
|
0-0: Ball 1-0: Swinging Strike 1-1: Ball 2-1: Ball 3-1: Foul Ball, location: 2F 3-2: Fly out, F8 (Flyball, 8LS, EV 71.2 MPH)
|
Batting: RHB Remie Braakman
|
0-0: Swinging Strike 0-1: Ball 1-1: Swinging Strike 1-2: Ball 2-2: SINGLE (Line Drive, 6D, EV 100.0 MPH)
|
Batting: LHB Murdock Cranton
|
0-0: Called Strike 0-1: Fly out, F8 (Flyball, 8LD, EV 99.4 MPH)
|
Batting: RHB Cesar Rubio
|
0-0: Swinging Strike 0-1: Fly out, F6 (Popup, 6M, EV 58.1 MPH)
|
Bottom of the 2nd over - 0 runs, 1 hit, 0 errors, 1 left on base; University of Illinois 0 - University of Michigan 1 |
TOP OF THE 3RD |
University of Illinois Fighting Illini batting - Pitching for University of Michigan Wolverines : RHP Henrik Berg
|
Batting: RHB Omar Cruz
|
0-0: Called Strike 0-1: Ground out 6-3 (Groundball, 6, EV 110.6 MPH)
|
Batting: RHB Joe Kirschner
|
0-0: Called Strike 0-1: Foul Ball, location: 2F 0-2: Ball 1-2: Ball 2-2: Ball 3-2: Ground out 5-3 (Groundball, 56, EV 94.4 MPH)
|
Batting: RHB Hector Flores
|
0-0: Ball 1-0: Called Strike 1-1: Ball 2-1: SOLO HOME RUN (Flyball, 7LD, EV 93.1 MPH), Distance : 363 ft
|
Batting: SHB Ryan Marsh
|
0-0: Ball 1-0: Foul Ball, location: 2F 1-1: Called Strike 1-2: Ground out U3 (Groundball, 34, EV 84.4 MPH)
|
Top of the 3rd over - 1 run, 1 hit, 0 errors, 0 left on base; University of Illinois 1 - University of Michigan 1 |
BOTTOM OF THE 3RD |
University of Michigan Wolverines batting - Pitching for University of Illinois Fighting Illini : LHP Andy Martin
|
Batting: RHB Gerard Gordijn
|
0-0: Called Strike 0-1: Foul Ball, location: 2F 0-2: Ball 1-2: Fly out, F9 (Flyball, 9, EV 91.9 MPH)
|
Batting: RHB Wendell Sarkies
|
0-0: Ball 1-0: Called Strike 1-1: Swinging Strike 1-2: Foul Ball, location: 2F 1-2: Strikes out swinging
|
Batting: RHB Walter Fisher
|
0-0: Called Strike 0-1: Called Strike 0-2: Ball 1-2: Ball 2-2: Strikes out swinging
|
Bottom of the 3rd over - 0 runs, 0 hits, 0 errors, 0 left on base; University of Illinois 1 - University of Michigan 1 |
TOP OF THE 4TH |
University of Illinois Fighting Illini batting - Pitching for University of Michigan Wolverines : RHP Henrik Berg
|
Batting: RHB James Lewis
|
0-0: Foul Ball, location: 2F 0-1: Swinging Strike 0-2: Ball 1-2: Fly out, F8 (Flyball, 8RD, EV 76.9 MPH)
|
Batting: LHB Stuart Parker
|
0-0: Called Strike 0-1: Foul Ball, location: 2F 0-2: Foul Ball, location: 2F 0-2: Ball 1-2: SOLO HOME RUN (Flyball, 9LD, EV 95.6 MPH), Distance : 350 ft
|
Batting: RHB D.J. Sheldon
|
0-0: Called Strike 0-1: Ball 1-1: Ball 2-1: SOLO HOME RUN (Flyball, 78XD, EV 115.6 MPH), Distance : 476 ft
|
Batting: RHB Lance Borgen
|
0-0: Called Strike 0-1: Called Strike 0-2: Strikes out swinging
|
Batting: RHB Matt Lapthorne
|
0-0: Ball 1-0: Called Strike 1-1: Ball 2-1: Foul Ball, location: 2F 2-2: Strikes out looking
|
Top of the 4th over - 2 runs, 2 hits, 0 errors, 0 left on base; University of Illinois 3 - University of Michigan 1 |
BOTTOM OF THE 4TH |
University of Michigan Wolverines batting - Pitching for University of Illinois Fighting Illini : LHP Andy Martin
|
Pitching: LHP Adam Green
|
|
Batting: RHB Mike Harden
|
0-0: Ball 1-0: Fly out, F7 (Flyball, 7, EV 83.1 MPH)
|
Batting: RHB Chris Williamson
|
0-0: Called Strike 0-1: Ball 1-1: Ball 2-1: Foul Ball, location: 2F 2-2: Fly out, F7 (Flyball, 7LM, EV 88.1 MPH)
|
Batting: RHB Angus Shanahan
|
0-0: Fly out, F7 (Flyball, 78S, EV 85.6 MPH)
|
Bottom of the 4th over - 0 runs, 0 hits, 0 errors, 0 left on base; University of Illinois 3 - University of Michigan 1 |
TOP OF THE 5TH |
University of Illinois Fighting Illini batting - Pitching for University of Michigan Wolverines : RHP Henrik Berg
|
Now at C: Dakota Kaempf
|
|
Now in LF: Lance Sabo
|
|
Batting: RHB Omar Cruz
|
0-0: Ball 1-0: Reached on error, E6 (Groundball, 6, EV 78.8 MPH)
|
Batting: RHB Joe Kirschner
|
0-0: Called Strike Omar Cruz steals 2nd base 0-1: Ball 1-1: Ball 2-1: Swinging Strike 2-2: Foul Ball, location: 2F 2-2: SINGLE (Groundball, 34D, EV 104.4 MPH) Omar Cruz to third Runner from 3rd tries for Home, SAFE, throw by RF to home
|
Batting: RHB Hector Flores
|
0-0: Fly out, F9 (Flyball, 9LM, EV 95.0 MPH)
|
Batting: SHB Ryan Marsh
|
0-0: Called Strike 0-1: Ball 1-1: Swinging Strike 1-2: Ball 2-2: Ball 3-2: Base on Balls Joe Kirschner to second
|
Batting: RHB James Lewis
|
0-0: Swinging Strike 0-1: Swinging Strike 0-2: Ball 1-2: Foul Ball, location: 2F 1-2: Strikes out swinging
|
Pinch Hitting: RHB Lynn Shere
|
0-0: Ball 1-0: Fly out, F8 (Flyball, 89M, EV 90.0 MPH)
|
Top of the 5th over - 1 run, 1 hit, 1 error, 2 left on base; University of Illinois 4 - University of Michigan 1 |
BOTTOM OF THE 5TH |
University of Michigan Wolverines batting - Pitching for University of Illinois Fighting Illini : LHP Adam Green
|
Pitching: RHP Bryan Schauman
|
|
Now at C: Cody Hale Jr.
|
|
Now at 1B: Bernie Gallegos
|
|
Now in CF: Lynn Shere
|
|
Batting: RHB Remie Braakman
|
0-0: Ground out 3-1 (Groundball, 34S, EV 81.9 MPH)
|
Batting: LHB Murdock Cranton
|
0-0: Ball 1-0: Called Strike 1-1: Ground out U3 (Groundball, 34S, EV 83.1 MPH)
|
Batting: RHB Cesar Rubio
|
0-0: Called Strike 0-1: Called Strike 0-2: Strikes out swinging
|
Bottom of the 5th over - 0 runs, 0 hits, 0 errors, 0 left on base; University of Illinois 4 - University of Michigan 1 |
TOP OF THE 6TH |
University of Illinois Fighting Illini batting - Pitching for University of Michigan Wolverines : RHP Henrik Berg
|
Pitching: LHP Kunikazu Ishida
|
|
Now at 2B: Elvis Hoying
|
|
Batting: LHB Eddie Castro
|
0-0: Called Strike 0-1: Ball 1-1: Ball 2-1: DOUBLE (Line Drive, 3D, EV 104.4 MPH)
|
Batting: RHB Lance Borgen
|
0-0: Ball 1-0: Called Strike 1-1: Ball 2-1: Foul Ball, location: 2F 2-2: Foul Ball, location: 2F 2-2: Foul Ball, location: 2F 2-2: SINGLE (Groundball, 6MD, EV 103.1 MPH) Eddie Castro to third
|
Pinch Hitting: LHB Matt Highfill
|
0-0: Fly out, F9 (Flyball, 9D, EV 78.8 MPH) Runner from 3rd tags up, SCORES, no throw by RF
|
Batting: RHB Omar Cruz
|
0-0: Ball 1-0: Called Strike 1-1: Grounds into double play, 6-4-3 (Groundball, 6, EV 105.6 MPH)
|
Top of the 6th over - 1 run, 2 hits, 0 errors, 0 left on base; University of Illinois 5 - University of Michigan 1 |
BOTTOM OF THE 6TH |
University of Michigan Wolverines batting - Pitching for University of Illinois Fighting Illini : RHP Bryan Schauman
|
Pitching: RHP Ross Ledford
|
|
Now at 2B: Matt Highfill
|
|
Batting: RHB Gerard Gordijn
|
0-0: Ball 1-0: Ball 2-0: Called Strike 2-1: Swinging Strike 2-2: Foul Ball, location: 2F 2-2: Fly out, F7 (Flyball, 78M, EV 86.2 MPH)
|
Batting: RHB Wendell Sarkies
|
0-0: Ball 1-0: Called Strike 1-1: Foul Ball, location: 2F 1-2: Ball 2-2: Ground out 5-3 (Groundball, 5, EV 103.1 MPH)
|
Batting: LHB Dakota Kaempf
|
0-0: Foul Ball, location: 2F 0-1: Ball 1-1: Foul Ball, location: 2F 1-2: Foul Ball, location: 2F 1-2: Foul Ball, location: 2F 1-2: Strikes out looking
|
Bottom of the 6th over - 0 runs, 0 hits, 0 errors, 0 left on base; University of Illinois 5 - University of Michigan 1 |
TOP OF THE 7TH |
University of Illinois Fighting Illini batting - Pitching for University of Michigan Wolverines : LHP Kunikazu Ishida
|
Batting: RHB Joe Kirschner
|
0-0: Swinging Strike 0-1: Swinging Strike 0-2: SOLO HOME RUN (Line Drive, 7D, EV 114.4 MPH), Distance : 429 ft
|
Batting: SHB Bernie Gallegos
|
0-0: SINGLE (Groundball, 56D, EV 100.6 MPH)
|
Batting: SHB Cody Hale Jr.
|
0-0: Ball 1-0: Called Strike 1-1: Called Strike 1-2: Foul Ball, location: 2F 1-2: Ball 2-2: Fly out, F8 (Flyball, 89D, EV 83.8 MPH)
|
Batting: RHB James Lewis
|
0-0: Foul Ball, location: 2F 0-1: Ball 1-1: Called Strike 1-2: Fly out, F9 (Flyball, 9LS, EV 96.2 MPH)
|
Pitching: RHP Tom DuBois
|
|
Batting: RHB Lynn Shere
|
0-0: Fly out, F7 (Flyball, 7D, EV 101.9 MPH)
|
Top of the 7th over - 1 run, 2 hits, 0 errors, 1 left on base; University of Illinois 6 - University of Michigan 1 |
BOTTOM OF THE 7TH |
University of Michigan Wolverines batting - Pitching for University of Illinois Fighting Illini : RHP Ross Ledford
|
Pitching: RHP Ben Robinson
|
|
Batting: RHB Quirino Portel
|
0-0: Ball 1-0: SOLO HOME RUN (Flyball, 7LD, EV 94.4 MPH), Distance : 374 ft
|
Batting: LHB Lance Sabo
|
0-0: Ground out 1-3 (Groundball, 34S, EV 68.1 MPH)
|
Batting: RHB Angus Shanahan
|
0-0: Ball 1-0: Ball 2-0: Foul Ball, location: 2F 2-1: Foul Ball, location: 2F 2-2: Ball 3-2: Fly out, F9 (Line Drive, 9, EV 97.5 MPH)
|
Pinch Hitting: RHB Mario Cruz
|
0-0: Fly out, F3 (Popup, 3SF, EV 73.1 MPH)
|
Bottom of the 7th over - 1 run, 1 hit, 0 errors, 0 left on base; University of Illinois 6 - University of Michigan 2 |
TOP OF THE 8TH |
University of Illinois Fighting Illini batting - Pitching for University of Michigan Wolverines : RHP Tom DuBois
|
Pitching: RHP Dave Catano
|
|
Now at SS: Mario Cruz
|
|
Batting: LHB Eddie Castro
|
0-0: Ball 1-0: Ground out 4-3 (Groundball, 4, EV 105.0 MPH)
|
Batting: RHB Lance Borgen
|
0-0: Called Strike 0-1: Fly out, F8 (Flyball, 89S, EV 96.2 MPH)
|
Batting: LHB Matt Highfill
|
0-0: Called Strike 0-1: Foul Ball, location: 2F 0-2: Strikes out swinging
|
Top of the 8th over - 0 runs, 0 hits, 0 errors, 0 left on base; University of Illinois 6 - University of Michigan 2 |
BOTTOM OF THE 8TH |
University of Michigan Wolverines batting - Pitching for University of Illinois Fighting Illini : RHP Ben Robinson
|
Pitching: LHP Arturo Majana
|
|
Batting: LHB Murdock Cranton
|
0-0: Called Strike 0-1: Called Strike 0-2: Strikes out swinging
|
Batting: SHB Elvis Hoying
|
0-0: Ball 1-0: Called Strike 1-1: Ground out 4-3 (Groundball, 4M, EV 82.5 MPH)
|
Batting: RHB Gerard Gordijn
|
0-0: Foul Ball, location: 2F 0-1: Foul Ball, location: 2F 0-2: Ball 1-2: Foul Ball, location: 2F 1-2: Strikes out looking
|
Bottom of the 8th over - 0 runs, 0 hits, 0 errors, 0 left on base; University of Illinois 6 - University of Michigan 2 |
TOP OF THE 9TH |
University of Illinois Fighting Illini batting - Pitching for University of Michigan Wolverines : RHP Dave Catano
|
Pitching: RHP Leon DeSanctis
|
|
Batting: RHB Omar Cruz
|
0-0: Called Strike 0-1: Ground out 1-3 (Groundball, 13S, EV 65.0 MPH)
|
Batting: RHB Joe Kirschner
|
0-0: Ball 1-0: Called Strike 1-1: Ball 2-1: Ground out 6-3 (Groundball, 6, EV 91.9 MPH)
|
Batting: SHB Bernie Gallegos
|
0-0: Ball 1-0: SINGLE (Line Drive, 9S, EV 105.6 MPH)
|
Batting: SHB Cody Hale Jr.
|
0-0: Ball 1-0: Called Strike 1-1: Ball Bernie Gallegos steals 2nd base 2-1: Swinging Strike 2-2: Strikes out swinging
|
Top of the 9th over - 0 runs, 1 hit, 0 errors, 1 left on base; University of Illinois 6 - University of Michigan 2 |
BOTTOM OF THE 9TH |
University of Michigan Wolverines batting - Pitching for University of Illinois Fighting Illini : LHP Arturo Majana
|
Pitching: RHP Joe Seekatz
|
|
Batting: RHB Wendell Sarkies
|
0-0: Ball 1-0: Ball 2-0: Ball 3-0: Base on Balls
|
Batting: LHB Dakota Kaempf
|
0-0: Ball 1-0: Ball Wild Pitch! Wendell Sarkies to second 2-0: Foul Ball, location: 2F 2-1: Ground out 4-3 (Groundball, 4, EV 90.6 MPH) Wendell Sarkies to third
|
Batting: RHB Allan Dunn
|
0-0: Ball 1-0: Foul Ball, location: 2F 1-1: Foul Ball, location: 2F 1-2: Ball 2-2: Ball 3-2: Base on Balls
|
Pinch Hitting: SHB Phillip Blake
|
0-0: Called Strike 0-1: Ball 1-1: Foul Ball, location: 2F 1-2: Foul Ball, location: 2F 1-2: Foul Ball, location: 2F 1-2: SINGLE (Groundball, 6, EV 106.9 MPH) Wendell Sarkies scores Allan Dunn to second
|
Pitching: LHP Eric James
|
|
Batting: RHB Angus Shanahan
|
0-0: Called Strike 0-1: Ball 1-1: Foul Ball, location: 2F 1-2: Ball 2-2: Foul Ball, location: 2F 2-2: Fielders Choice at 2nd, 6-4 (Groundball, 56, EV 81.9 MPH) Allan Dunn to third
|
Pinch Hitting: RHB Don Squire
|
0-0: Fly out, F8 (Flyball, 8RM, EV 88.1 MPH)
|
Bottom of the 9th over - 1 run, 1 hit, 0 errors, 2 left on base; University of Illinois 6 - University of Michigan 3 |
|